 Dungeon Crawl Stone Soup version 0.27-a0-1532-gca18f49f40 (webtiles) character file.

Game seed: 15428552532161176495

3404 Sin92 the Skirmisher (level 9, -18/71 HPs)
             Began as a Demonspawn Fighter on July 12, 2021.
             Was a Priest of Okawaru.
             Demolished by an orc warrior (24 damage)
             ... in a bailey.
             The game lasted 00:14:36 (8779 turns).

Sin92 the Skirmisher (Demonspawn Fighter)           Turns: 8779, Time: 00:14:37

Health: -18/71     AC: 24    Str: 20    XL:     9   Next: 75%
Magic:  0/12       EV: 10    Int: 10    God:    Okawaru [***...]
Gold:   1380       SH: 12    Dex: 12    Spells: 8/8 levels left

rFire    + + .     SeeInvis .   q - +5 broad axe (vorpal)
rCold    . . .     Faith    +   c - +0 kite shield
rNeg     + . .     Spirit   +   p - +0 chain mail
rPois    .         Reflect  .   (no helmet)
rElec    .         Harm     .   r - +0 cloak "Umita" {rF++ rN+}
rCorr    .         Rampage  .   v - +0 pair of gloves
Will     .....                  (no boots)
Stlth    ..........             l - amulet of faith
HPRegen  0.21/turn              k - +4 ring of slaying
MPRegen  0.26/turn              (no ring)

@: heroic, sanguine armoured
A: talons 2, ignite blood 2, magic shield, magic regeneration, sanguine armour 2
a: Renounce Religion, Heroism


You were in a bailey.
You worshipped Okawaru.
Okawaru was most pleased with you.
You visited 2 branches of the dungeon, and saw 8 of its levels.
You also visited: Sewer and Bailey.

You collected 1380 gold pieces.

Inventory:

Hand Weapons
 q - a +5 vorpal broad axe (weapon)
Missiles
 e - 12 atropa-tipped darts (quivered)
Armour
 c - a +0 kite shield (worn)
 p - a +0 chain mail (worn)
 r - the +0 cloak "Umita" (worn) {rF++ rN+}
   (You acquired it in a bailey)

   rF:        It greatly protects you from fire.
   rN:        It protects you from negative energy.
 v - a +0 pair of gloves (worn)
Jewellery
 k - a +4 ring of slaying (left hand)
 l - an amulet of faith (around neck)
Wands
 b - a wand of acid (7)
 m - a wand of flame (11)
Scrolls
 a - a scroll of fog
 f - 5 scrolls of teleportation
 s - a scroll of identify
Potions
 d - a potion of might
 g - 5 potions of flight
 h - a potion of magic
 i - 2 potions of ambrosia
 j - 6 potions of curing
 n - a potion of berserk rage {unknown}
 o - 2 potions of heal wounds
 t - 2 potions of invisibility
 u - a potion of attraction


   Skills:
 + Level 6.5(11.5) Fighting
 * Level 6.4(11.4) Axes
 + Level 6.0(11.0) Armour
 + Level 5.1(10.1) Dodging
 + Level 5.9(10.9) Shields
 + Level 4.3 Invocations


You had 8 spell levels left.
You didn't know any spells.
Your spell library contained the following spells:

 Spells                   Type           Power      Damage    Failure   Level
 Freeze                   Ice            0%         1d3       99%         1
 Sandblast                Erth           0%         2d4       99%         1
 Passwall                 Tmut/Erth      0%         N/A       100%        2
 Slow                     Hex            0%         N/A       100%        2
 Conjure Flame            Conj/Fire      0%         6-21      100%        3
 Frozen Ramparts          Ice            0%         1d2       100%        3
 Ignite Poison            Fire/Tmut/Pois 0%         N/A       100%        3
 Summon Guardian Golem    Hex/Summ       0%         N/A       100%        3
 Hailstorm                Conj/Ice       0%         3d3       100%        4
 Sticky Flame             Conj/Fire      0%         2d3       100%        4
 Lee's Rapid Deconstruct  Erth           0%         3d5*      100%        5
 Orb of Destruction       Conj           0%         N/A       100%        7
 Spellforged Servitor     Conj/Summ      0%         N/A       100%        7


Dungeon Overview and Level Annotations

Branches:
Dungeon (7/15)             Temple (1/1) D:5           Sewer (visited)
 Bailey (1/1)

Altars:
Ashenzari
Dithmenos
Elyvilon
Fedhas
Gozag
Hepliaklqana
Makhleb
Okawaru
Ru
Sif Muna
Trog
Uskayaw
Wu Jian
Xom
Yredelemnul
Zin
The Shining One

Shops:
D:2 (

Annotations:
D:3 2 transporters, DocClef's ghost, amateur GnDe


Innate Abilities, Weirdness & Mutations

You have razor-sharp toenails.
Your demonic aura often causes spilled blood to erupt in flames.
When hurt, damage is shared between your health and your magic reserves.
You regenerate magic rapidly.
When seriously injured, your bleeding wounds create thick armour. (AC +9)


Message History

The orc warrior hits you with a +0 spear!
The orc knight hits you with a +0 glaive!!
Your blood congeals into armour.
Found a scroll of enchant weapon and 3 scrolls labelled SOATOSKUOGY.
An orc warrior comes into view. It is wielding a +0 glaive.
The orc warrior shouts!
You block the orc warrior's attack. The orc knight closely misses you.
Found 2 scrolls of enchant weapon.
You slash the orc knight! You claw the orc knight.
The orc knight is moderately wounded.
You hit the orc warrior.
The orc warrior hits you but does no damage.
The orc knight is engulfed in blazing flames.
You block the orc knight's attack.
The orc knight roars a battlecry!
The orc knight goes into a battle-frenzy!
You barely miss the orc warrior. You claw the orc warrior.
The orc warrior is lightly wounded.
You hit the orc knight but do no damage.
You block the orc warrior's attack.
The orc knight is engulfed in blazing flames.
The orc knight misses you.
You closely miss the orc warrior. You claw the orc warrior.
The orc warrior is moderately wounded.
You slash the orc knight! You block the orc warrior's attack.
The orc knight is engulfed in blazing flames.
The orc knight hits you with a +0 glaive!
The orc knight hits you from afar with a +0 glaive!
* * * LOW HITPOINT WARNING * * *
You slice the orc warrior!!
You kill the orc warrior!
Okawaru accepts your kill.
You hit the orc knight but do no damage.
The orc knight hits you from afar with a +0 glaive.
* * * LOW HITPOINT WARNING * * *
The orc knight is engulfed in blazing flames.
You kill the orc knight!
Okawaru is honoured by your kill.
The orc warrior hits you from afar with a +0 glaive!!
You die...

#...??..#
#..???..#
#..???..#
#.......#
#.......#
#..oo...#
#..☼....#
#..°@)..#
#..☼°☼..#
##.°...##
#'''''#
##.....##
#.......#
#..))...#
#.)).)..#
#..)))..#


You could see an orc knight (strong) and an orc warrior (strong).

Vanquished Creatures
  An orc knight (Bailey)
  A wyvern (D:7)
  An acid dragon (D:4)
  A water moccasin (D:7)
  An ice beast (D:7)
  12 orc warriors (Bailey)
  5 ogres
  2 centaurs (D:7)
  2 kobold brigands (Sewer)
  2 bullfrogs
  2 scorpions
  An electric eel (D:7)
  2 centaur zombies
  A howler monkey (D:5)
  4 hounds
  A bullfrog zombie (D:5)
  2 jellies
  Jessica (D:3)
  Natasha (thrice) (D:2)
  A hound zombie (D:5)
  A howler monkey zombie (D:7)
  15 adders
  11 gnolls
  2 howler monkey skeletons
  4 river rats (Sewer)
  A white imp (D:5)
  An ufetubus (D:3)
  An adder skeleton (D:4)
  2 worms
  4 dart slugs
  29 orcs
  9 endoplasms
  12 giant cockroaches
  9 goblins
  7 hobgoblins
  15 jackals
  12 kobolds
  3 quokkas (D:3)
  8 ball pythons
  4 bats
  5 frilled lizards
  11 rats
212 creatures vanquished.

Vanquished Creatures (others)
  7 plants (D:2)
7 creatures vanquished.

Grand Total: 219 creatures vanquished

Notes
Turn   | Place    | Note
-------+----------+-------------------------------------------
     0 | D:1      | Sin92 the Demonspawn Fighter began the quest for the Orb.
     0 | D:1      | Reached XP level 1. HP: 18/18 MP: 1/1
   155 | D:1      | Gained mutation: When seriously injured, your bleeding
                  | wounds create armour. (AC +9) [demonic ancestry]
   155 | D:1      | Reached XP level 2. HP: 22/24 MP: 2/2
   408 | D:1      | Found a faded altar of an unknown god.
   441 | D:1      | Gained mutation: You have sharp toenails. [demonic
                  | ancestry]
   441 | D:1      | Reached XP level 3. HP: 9/29 MP: 3/3
  1119 | D:2      | Reached skill level 1 in Dodging
  1119 | D:2      | Gained mutation: You regenerate magic rapidly. [demonic
                  | ancestry]
  1119 | D:2      | Reached XP level 4. HP: 31/35 MP: 4/4
  1406 | D:2      | Found Niexotis's Antique Weapon Shop.
  1594 | D:2      | Noticed Natasha
  1605 | D:2      | Killed Natasha
  1606 | D:2      | Gained mutation: Your demonic aura sometimes causes spilled
                  | blood to erupt in flames. [demonic ancestry]
  1606 | D:2      | Reached XP level 5. HP: 25/42 MP: 5/5
  1804 | D:2      | Noticed Natasha
  1818 | D:2      | Killed Natasha
  2404 | D:2      | Noticed Natasha
  2420 | D:2      | Killed Natasha
  2817 | D:3      | Noticed DocClef's ghost (amateur GnDe)
  2818 | D:3      | Found a transporter.
  2818 | D:3      | Noticed an ogre
  2822 | D:3      | Found a transporter.
  2824 | D:3      | Noticed an ogre
  2841 | D:3      | Found a burning altar of Makhleb.
  2926 | D:3      | Found a glowing drain.
  2937 | Sewer    | Entered a sewer
  3064 | Sewer    | Gained mutation: Your demonic aura often causes spilled
                  | blood to erupt in flames. [demonic ancestry]
  3064 | Sewer    | Reached XP level 6. HP: 48/48 MP: 6/6
  4084 | D:3      | Noticed Jessica
  4092 | D:3      | Killed Jessica
  4093 | D:3      | Gained mutation: When hurt, damage is shared between your
                  | health and your magic reserves. [demonic ancestry]
  4093 | D:3      | Reached XP level 7. HP: 42/55 MP: 7/7
  4166 | D:3      | Got Jessica's Reference Book on the Oath
  5536 | D:5      | Entered Level 5 of the Dungeon
  5551 | D:5      | Reached skill level 5 in Fighting
  5737 | D:5      | Gained mutation: You have razor-sharp toenails. [demonic
                  | ancestry]
  5737 | D:5      | Reached XP level 8. HP: 37/62 MP: 5/8
  5754 | D:5      | Identified 2 scrolls of acquirement
  5754 | D:5      | Acquired a +5 vorpal broad axe
  5757 | D:5      | Acquired 1083 gold pieces
  6074 | D:5      | Found a staircase to the Ecumenical Temple.
  6099 | Temple   | Entered the Ecumenical Temple
  6133 | Temple   | Became a worshipper of Warmaster Okawaru
  6581 | D:5      | Reached skill level 5 in Armour
  6676 | D:6      | Reached skill level 5 in Shields
  6690 | D:6      | Reached skill level 1 in Invocations
  6730 | D:6      | Reached * piety under Okawaru
  7411 | D:7      | Reached skill level 5 in Axes
  7448 | D:7      | Gained mutation: When seriously injured, your bleeding
                  | wounds create thick armour. (AC +9) [demonic ancestry]
  7448 | D:7      | Reached XP level 9. HP: 32/69 MP: 8/10
  7754 | D:7      | Reached ** piety under Okawaru
  7933 | D:7      | Found a flagged portal.
  7953 | Bailey   | Entered a bailey
  8504 | Bailey   | Reached *** piety under Okawaru
  8505 | Bailey   | Reached skill level 5 in Dodging
  8529 | Bailey   | Acquired the +0 cloak "Umita" {rF++ rN+}
  8770 | Bailey   | Noticed an orc knight
  8773 | Bailey   | Noticed an orc knight
  8779 | Bailey   | Killed an orc knight
  8779 | Bailey   | Demolished by an orc warrior

Illustrated notes

Levels and vault maps discovered:
D:1:      wander_arrival_chamber, layout_rooms,
          shapermc_ecumenical_altar_starsandcircs, serial_park_tiny_2
D:2:      layout_loops_ring, serial_shops, shop, minmay_liquid_box,
          serial_bayou_crossing, uniq_natasha
D:3:      layout_loops_cross, nicolae_overflow_crystal_walls,
          gammafunk_ghost_smash, gup_sewer_entry_pipe, minmay_misc_feat_roman,
          minmay_misc_feat_chi, kennysheep_jessica_study
D:4:      layout_rooms, st_stairs_3
D:5:      cheibrodos_helix_gallery, layout_loops_ring, temple_doors_e
D:6:      layout_loops_cross, minivault_23
D:7:      layout_basic, enter_bailey_5, kennysheep_cross_bottleneck
Temple:   nicolae_temple_the_god_donut
Bailey:   bailey_polearm_5, bailey

Skill      XL: |  1  2  3  4  5  6  7  8  9 |
---------------+----------------------------+-----
Axes           | 2 3 4 5 6 |  6.4
Shields        | 3 4 5 |  5.9
Armour         | 3 4 5 6 |  6.0
Dodging        | 1 2 3 4 5 |  5.1
Fighting       | 4 5 6 |  6.5
Invocations    | 2 4 |  4.3

Action                   |  1- 3 |  4- 6 |  7- 9 || total
-------------------------+-------+-------+-------++-------
Melee: War axe           |    86 |   269 |    86 ||   441
       Kick              |     4 |    55 |    57 ||   116
       Broad axe         |       |       |   110 ||   110
Invok: Heroism           |       |       |     2 ||     2
  Use: Potion            |       |     7 |     5 ||    12
       Scroll            |       |     5 |    11 ||    16
Armor: Scale mail        |    57 |    47 |       ||   104
       Chain mail        |       |   133 |   165 ||   298
Dodge: Dodged            |    51 |    80 |   110 ||   241
Block: Kite shield       |    52 |   144 |   170 ||   366

Table legend: (Time is in decaauts)
 A = Elapsed time spent in this place.
 B = Non-inter-level travel time spent in this place.
 C = Inter-level travel time spent in this place.
 D = Time resting spent in this place.
 E = Time spent auto-exploring this place.
 F = Levels seen in this place.
 G = Mean time per level.
                   A        B        C        D        E       F      G
               +--------+--------+--------+--------+--------+-----+--------+
         Total |   9305 |   9078 |    227 |   1671 |   5248 |  10 |  930.5 |
       Dungeon |   7178 |   6975 |    203 |   1009 |   4229 |   7 | 1025.4 |
        Temple |     59 |     35 |     24 |      0 |     27 |   1 |   59.0 |
         Sewer |   1229 |   1229 |      0 |    172 |    792 |   1 | 1229.0 |
        Bailey |    837 |    837 |      0 |    490 |    200 |   1 |  837.0 |
               +--------+--------+--------+--------+--------+-----+--------+

Top non-repeatable levels by time:
     D:2: 1586 daAuts
   Sewer: 1229 daAuts
     D:3: 1208 daAuts
     D:1: 1163 daAuts
     D:5: 1064 daAuts
  Bailey: 837 daAuts
     D:4: 800 daAuts
     D:6: 782 daAuts
     D:7: 573 daAuts
  Temple: 59 daAuts
